 Dungeon Crawl Stone Soup version 0.29.1-4-g47bece8355 (webtiles) character file.

Game seed: 16156414889846761893

29 Aibolit the Grasshopper (level 3, 0/18 HPs)
             Began as a Spriggan Warper on Dec 11, 2022.
             Was a Follower of Fedhas.
             Slain by a worm (11 damage)
             ... on level 2 of the Dungeon.
             The game lasted 00:02:39 (2706 turns).

Aibolit the Grasshopper (Spriggan Warper)           Turns: 2706, Time: 00:02:40

Health: 0/18       AC:  2    Str:  7    XL:     3   Next: 1%
Magic:  8/8        EV: 18    Int: 14    God:    Fedhas [*.....]
Gold:   83         SH:  0    Dex: 16    Spells: 7/7 levels left

rFire   . . .      SeeInvis +   a - +0 short sword
rCold   . . .      Faith    .   (no shield)
rNeg    . . .      Spirit   .   b - +0 robe
rPois   .          Reflect  .   (helmet restricted)
rElec   .          Harm     .   (no cloak)
rCorr   .          Rampage  .   (gloves unavailable)
Will    .....                   (boots unavailable)
Stlth   ++........              (no amulet)
HPRegen 0.06/turn               (no ring)
MPRegen 0.11/turn               (no ring)

@: very quick
A: very small, no large weapons, unfitting armour, see invisible, speed 3
a: Renounce Religion


You were on level 2 of the Dungeon.
You worshipped Fedhas.
Fedhas was aware of your devotion.
You visited 1 branch of the dungeon, and saw 2 of its levels.

You collected 83 gold pieces.

Inventory:

Hand Weapons
 a - a +0 short sword (weapon)
Missiles
 d - 7 boomerangs of dispersal (quivered)
Armour
 b - a +0 robe (worn)
Scrolls
 c - 2 scrolls of blinking
 j - a scroll of identify {unknown}
Potions
 e - a potion of curing {unknown}
 f - a potion of brilliance {unknown}
 h - a potion of degeneration {unknown}
 i - a potion of might {unknown}
 k - a potion of heal wounds {unknown}
 l - a potion of resistance {unknown}


   Skills:
 + Level 1.8 Fighting
 - Level 2.3 Short Blades
 - Level 1.1 Throwing
 * Level 3.7 Dodging
 + Level 0.6 Stealth
 + Level 2.9 Spellcasting
 + Level 4.9 Translocations


You had 7 spell levels left.
You didn't know any spells.
Your spell library contained the following spells:

 Spells                   Type           Power      Damage    Failure   Level
 Blink                    Tloc           32%        N/A       4%          2
 Gell's Gravitas          Tloc           16%        N/A       9%          3
 Lesser Beckoning         Tloc           16%        N/A       9%          3
 Teleport Other           Tloc           16%        N/A       9%          3
 Conjure Flame            Conj/Fire      2%         6-21      54%         3
 Ignite Poison            Fire/Tmut/Pois 2%         N/A       54%         3
 Manifold Assault         Tloc           16%        N/A       61%         5
 Sticky Flame             Conj/Fire      2%         2d3       91%         4


Dungeon Overview and Level Annotations

Branches:
Dungeon (2/15)

Altars:
Fedhas


Innate Abilities, Weirdness & Mutations

You are very small and have problems with some larger weapons.
You are too small for most types of armour.
You have supernaturally acute eyesight. (SInv)
You cover ground extremely quickly. (Speed+++)


Message History

e - a purple potion No target in view!
No target in view!
Found a stone staircase leading up.
A kobold comes into view. It is wielding a +0 short sword.
The kobold shouts!
Found 6 gold pieces.
The kobold closely misses you.
You hit the kobold but do no damage. The kobold completely misses you.
You hit the kobold.
You kill the kobold!
Fedhas appreciates your contribution to the ecosystem.
No target in view!
No target in view!
There is a stone staircase leading up here.
You now have 77 gold pieces (gained 10).
You now have 83 gold pieces (gained 6).
A worm comes into view.
A worm is nearby!
The worm bites you.
You hit the worm.
The worm is lightly wounded.
You hit the worm.
The worm is lightly wounded.
The worm bites you.
You hit the worm.
The worm is moderately wounded.
The worm barely misses you.
You barely miss the worm.
The worm is moderately wounded.
You hit the worm but do no damage.
The worm is moderately wounded.
The worm barely misses you.
You hit the worm.
The worm is moderately wounded.
You barely miss the worm.
The worm is moderately wounded.
The worm bites you!
Ouch! That really hurt!
You die...
Fedhas appreciates your contribution to the ecosystem.

### # ###.# #.#...###
#.#.....####
#..........#
##.....####.###+######
#.........#.....@w...#
#.###.###.#..........#
#.###.# #..........#
#.#...# #.###+######
#.#.#.###.#.#
.............
#.#.#####.#.# #.#.#
#... #.#.#


You could see a worm.

Vanquished Creatures
  A dart slug (D:1)
  5 ball pythons
  3 bats
  4 endoplasms
  A giant cockroach (D:1)
  2 goblins
  4 hobgoblins (D:1)
  A quokka (D:1)
  A kobold (D:2)
22 creatures vanquished.

Notes
Turn   | Place    | Note
-------+----------+-------------------------------------------
     0 | D:1      | Aibolit the Spriggan Warper began the quest for the Orb.
     0 | D:1      | Reached XP level 1. HP: 10/10 MP: 5/5
  1080 | D:1      | Found a faded altar of an unknown god.
  1093 | D:1      | Reached XP level 2. HP: 7/15 MP: 6/6
  1306 | D:1      | Prayed at the altar of an unknown god.
  1306 | D:1      | Became a worshipper of Fedhas Madash
  1306 | D:1      | Reached * piety under Fedhas
  2598 | D:2      | Reached XP level 3. HP: 15/18 MP: 8/8
  2706 | D:2      | Slain by a worm

Illustrated notes

Levels and vault maps discovered:
D:1:      wander_arrival_lonely_grave, layout_loops_ring,
          ebering_ecumenical_altar_webs, minmay_crystal_water,
          minmay_tetromino_s2
D:2:      layout_basic, minmay_lizard_pond

Action                   || total
-------------------------++-------
Melee: Short sword       ||    89
       Punch             ||     2
  Use: Scroll            ||     2
 Stab: Sleeping          ||     2
Armor: Robe              ||    11
Dodge: Dodged            ||    86
